 Dungeon Crawl Stone Soup version 0.19.1 (webtiles) character file.

670 M4edhros the Sneak (level 7, -7/49 HPs)
             Began as an Octopode Necromancer on Dec 23, 2016.
             Was a Follower of Cheibriados.
             Mangled by a gnoll
             ... wielding a +0 spear
              (8 damage)
             ... on level 5 of the Dungeon.
             The game lasted 00:07:17 (1551 turns).

M4edhros the Sneak (Octopode Necromancer)           Turns: 1551, Time: 00:07:17

Health: -7/49      AC:  1    Str: 10      XL:     7   Next: 58%
Magic:  6/10       EV: 15    Int: 20      God:    Cheibriados [*.....]
Gold:   188        SH:  0    Dex: 21 (22) Spells: 3 memorised, 5 levels left

rFire  . . .     SeeInvis .       - Unarmed
rCold  . . .     Gourm    .     (no shield)
rNeg   . . .     Faith    .     (helmet restricted)
rPois  .         Spirit   .     (no amulet)
rElec  .         Reflect  .     f - +4 ring of dexterity
rCorr  .         Harm     .     g - +4 ring of slaying
MR     .....     Rnd*Rage +     (no ring)
Stlth  ++++......               (no ring)
                                (no ring)
                                (no ring)
                                (no ring)
                                (no ring)

@: regenerating (expiring), very slow
A: almost no armour, stealthy swim, amphibious, 8 rings, constrict 8, antennae
1, tentacle spike 1, camouflage 1, berserk 1, deterioration 1, robust 1,
gelatinous body 1, MP-powered wands
a: Bend Time, Renounce Religion


You were on level 5 of the Dungeon.
You worshipped Cheibriados.
Cheibriados was aware of your devotion.
You were very hungry.

You visited 2 branches of the dungeon, and saw 6 of its levels.

You collected 188 gold pieces.

Inventory:

Armour
 w - a +2 shield
Jewellery
 f - a +4 ring of dexterity (left tentacle)
 g - a +4 ring of slaying (right tentacle)
Scrolls
 c - a scroll of enchant weapon {unknown}
 d - 2 scrolls of immolation {unknown}
 e - 4 scrolls of remove curse {unknown}
 h - 3 scrolls of noise {unknown}
 k - a scroll of enchant armour {unknown}
 o - 2 scrolls of identify {unknown}
 t - a scroll of fear {unknown}
 x - a scroll of magic mapping {unknown}
 y - a scroll of teleportation {unknown}
Potions
 i - a potion of brilliance
 l - a potion of flight {unknown}
 m - a potion of heal wounds {unknown}
 n - 2 potions of curing
 q - 2 potions of magic {unknown}
 s - 2 potions of agility {unknown}
 u - a potion of cure mutation {unknown}
Books
 a - a book of Necromancy

   Spells                             Type                      Level
   a - Pain                           Necromancy                   1
   b - Animate Skeleton               Necromancy                   1
   c - Vampiric Draining              Necromancy                   3
   d - Regeneration                   Charms/Necromancy            3
   e - Animate Dead                   Necromancy                   4
   f - Control Undead                 Necromancy                   4
Comestibles
 b - 4 bread rations
 j - 4 meat rations
 p - a royal jelly
 r - a beef jerky
 v - 3 chunks of flesh


   Skills:
 + Level 2.2 Fighting
 + Level 3.1 Dodging
 + Level 5.0 Stealth
 * Level 3.7 Shields
 + Level 4.9 Unarmed Combat
 - Level 2.0 Spellcasting
 - Level 4.0 Necromancy


You had 5 spell levels left.
You knew the following spells:

 Your Spells              Type           Power        Failure   Level  Hunger
a - Pain                  Necr           ###.         2%          1    #......
b - Animate Skeleton      Necr           N/A          2%          1    #......
c - Regeneration          Chrm/Necr      ##........   21%         3    ###....


Dungeon Overview and Level Annotations

Branches:
Dungeon (5/15)             Temple (1/1) D:4

Altars:
Ashenzari
Cheibriados
Dithmenos
Fedhas
Gozag
Hepliaklqana
Kikubaaqudgha
Makhleb
Nemelex Xobeh
Okawaru
Qazlal
Ru
Sif Muna
Trog
Uskayaw
Vehumet
Xom
Zin

Annotations:
D:4 Edmund


Innate Abilities, Weirdness & Mutations

You cannot wear most types of armour.
You are very stealthy in the water. (Stealth+)
You are amphibious.
You can wear up to eight rings at the same time.
You can use your tentacles to constrict eight enemies at once.
Your skin changes colour to match your surroundings (Stealth+).
Your rubbery body absorbs attacks. (AC +1, EV +1)
You have a pair of small antennae on your head.
One of your tentacles bears a spike.
You tend to lose your temper in combat.
Your body sometimes deteriorates upon taking damage.
You are robust. (+10% HP)
You expend magic power (3 MP) to strengthen your wands.


Message History

Casting: Regeneration
Confirm with . or Enter, or press ? or * to list all spells.
Okay, then.
You aren't carrying any items that you can evoke.
Okay, then.
Okay, then.
The gnoll shouts!
You tentacle-slap the ogre. You squeeze the ogre.
The ogre is severely wounded.
The ogre hits you with a giant spiked club!
* * * LOW HITPOINT WARNING * * *
You tentacle-slap the ogre.
The ogre is almost dead.
Your skin is crawling a little less now.
The jelly hits you.
* * * LOW HITPOINT WARNING * * *
You are splashed with acid!
The acid burns!
* * * LOW HITPOINT WARNING * * *
The gnoll hits you from afar with a spear!
You die...

...........##+#####....
.^...............##..#
.................##..###
#....##....##........##.
#############...........
#....<.............
#......>...........
##....##...........
#@.[.##..(......#.
......OJ.........##...##
....(g...........##...#
..............<.......#
#....##....##....##..##
#...g #....##....##..#
.... #+#####..........
.... #..... ..... #....#
.


You could see an ogre, a jelly and 2 gnolls.

Vanquished Creatures
  Prince Ribbit (D:5)
  A phantom (D:5)
  An ice beast (D:5)
  A centaur (D:5)
  An orc wizard (D:4)
  2 bullfrog skeletons (D:5)
  Ijyb (D:2)
  Natasha (D:2)
  A worker ant (D:4)
  An adder (D:2)
  A shadow imp (D:5)
  A worm (D:3)
  3 orcs (D:4)
  A ball python (D:5)
  3 giant cockroaches
  5 goblins
  2 hobgoblins
  4 jackals (D:2)
  4 kobolds
  3 quokkas (D:5)
  3 bats
  5 frilled lizards
  A giant cockroach zombie (D:5)
  2 rats
49 creatures vanquished.

Vanquished Creatures (collateral kills)
  A worm (D:2)
1 creature vanquished.

Vanquished Creatures (others)
  Natasha (D:2)
1 creature vanquished.

Grand Total: 51 creatures vanquished

Notes
Turn   | Place    | Note
-------+----------+-------------------------------------------
     0 | D:1      | M4edhros the Octopode Necromancer began the quest for the Orb.
     0 | D:1      | Reached XP level 1. HP: 11/11 MP: 3/3
   165 | D:2      | Reached skill level 1 in Unarmed Combat
   185 | D:2      | Noticed Ijyb
   196 | D:2      | Killed Ijyb
   196 | D:2      | Reached XP level 2. HP: 15/17 MP: 5/5
   196 | D:2      | Reached XP level 3. HP: 19/21 MP: 6/6
   213 | D:2      | Learned a level 1 spell: Animate Skeleton
   217 | D:2      | Learned a level 3 spell: Regeneration
   415 | D:2      | Noticed Natasha
   424 | D:2      | Killed Natasha
   424 | D:2      | Reached XP level 4. HP: 24/27 MP: 3/7
   613 | D:4      | Found a staircase to the Ecumenical Temple.
   620 | Temple   | Entered the Ecumenical Temple
   662 | Temple   | Became a worshipper of Cheibriados the Contemplative
   917 | D:2      | Noticed Natasha
   922 | D:2      | Killed Natasha
   938 | D:2      | Gained mutation: You tend to lose your temper in combat. [potion of mutation]
   938 | D:2      | Gained mutation: You expend magic power (3 MP) to strengthen your wands. [potion of mutation]
   938 | D:2      | Gained mutation: One of your tentacles bears a spike. [potion of mutation]
  1001 | D:1      | Gained mutation: Your body sometimes deteriorates upon taking damage. [potion of mutation]
  1001 | D:1      | Gained mutation: You have a pair of small antennae on your head. [potion of mutation]
  1001 | D:1      | Gained mutation: You are robust. (+10% HP) [potion of mutation]
  1258 | D:4      | Reached skill level 3 in Stealth
  1261 | D:4      | Reached * piety under Cheibriados
  1264 | D:4      | Reached XP level 5. HP: 23/35 MP: 8/8
  1349 | D:4      | Noticed Edmund
  1355 | D:5      | Entered Level 5 of the Dungeon
  1355 | D:5      | Noticed a centaur
  1358 | D:5      | Killed a centaur
  1358 | D:5      | Reached skill level 1 in Fighting
  1358 | D:5      | Reached skill level 1 in Shields
  1358 | D:5      | Reached XP level 6. HP: 41/41 MP: 4/9
  1362 | D:5      | Noticed an ice beast
  1367 | D:5      | Killed an ice beast
  1367 | D:5      | Reached skill level 4 in Stealth
  1377 | D:5      | Noticed Prince Ribbit
  1382 | D:5      | Killed Prince Ribbit
  1382 | D:5      | Reached XP level 7. HP: 29/49 MP: 0/10
  1510 | D:5      | Reached skill level 5 in Stealth
  1551 | D:5      | HP: 1/49 [acid (8)]
  1551 | D:5      | Mangled by a gnoll

Skill      XL: |  1  2  3  4  5  6  7 |
---------------+----------------------+-----
Unarmed Combat | 2 3 4 |  4.9
Stealth        | 3 4 5 |  5.0
Fighting       | 1 2 |  2.2
Shields        | 1 3 |  3.7
Dodging        | 3 |  3.1
Spellcasting   | |  2.0
Necromancy     | |  4.0

Action                   |  1- 3 |  4- 6 |  7- 9 || total
-------------------------+-------+-------+-------++-------
Melee: Unarmed           |    20 |    59 |    25 ||   104
       Constrict         |     4 |    13 |     1 ||    18
       Tentacles         |     2 |    10 |     2 ||    14
       Kick              |       |     7 |     8 ||    15
       Punch             |       |     3 |     2 ||     5
 Cast: Pain              |     5 |    10 |     1 ||    16
       Animate Skeleton  |     1 |     8 |     2 ||    11
       Regeneration      |     1 |     6 |     4 ||    11
  Use: Potion            |     1 |     6 |       ||     7
 Stab: Sleeping          |     2 |     6 |       ||     8
  Eat: Chunk             |       |     2 |     1 ||     3
Armor: Skin              |     9 |    22 |     7 ||    38
Dodge: Dodged            |    12 |    28 |    11 ||    51
